Map: Disco Bloodbath LE

Players

BlysK

  • Race: Protoss Protoss
  • League: Master
  • Spawn Location: 3:00

riddle (THERIDDLER) - Winner!

  • Race: Terran Terran
  • Spawn Location: 9:00

Event: NationWars 2019

VOD

Have the link to the VOD?

Description

Time

  • Played on: Oct. 5, 2019, 12:03 p.m.
  • Length: 17:49

All games in this series

Show
View Real Time Build Order
Export as new Build Order

BlysK Protoss 

Build Orders: Oracle Opening, Phoenix Opening 

Get SALT Encoding   

  12  0:01  Probe  
  13  0:13  Probe  
  14  0:17  Pylon  
  14  0:25  Probe (Chrono Boost)  
  15  0:37  Probe (Chrono Boost)  
  15  0:38  Gateway  
  16  0:45  Probe (Chrono Boost)  
  16  0:49  Assimilator  
  17  0:51  Probe  
  18  1:03  Probe  
  19  1:15  Probe  
  19  1:17  Assimilator  
  20  1:27  Probe  
  20  1:29  Cybernetics Core  
  22  1:40  Probe  
  22  1:43  Pylon  
  22  1:52  Probe  
  23  2:02  Adept (Chrono Boost)  
  23  2:04  Probe  
  26  2:08  Stargate  
  26  2:19  Nexus  
  26  2:23  Adept (Chrono Boost)  
  26  2:26  Warp Gate  
  28  2:30  Probe  
  29  2:49  Pylon  
  31  2:54  Oracle (Chrono Boost)  
  31  3:07  Adept, Probe  
  34  3:19  Probe  
  35  3:24  Oracle (Chrono Boost)  
  38  3:31  Probe (Chrono Boost)  
  39  3:34  Gateway  
  39  3:35  Gateway  
  41  3:41  Probe (Chrono Boost)  
  41  3:43  Probe (Chrono Boost)  
  42  3:49  Probe (Chrono Boost)  
  42  3:55  Probe  
  40  3:58  Phoenix (Chrono Boost)  
  40  4:00  Pylon, Probe  
  43  4:07  Probe, Robotics Facility  
  44  4:12  Probe  
  45  4:19  Probe  
  45  4:20  Phoenix (Chrono Boost)  
  48  4:24  Probe  
  48  4:28  Assimilator  
  49  4:31  Probe  
  49  4:35  Assimilator  
  49  4:36  Probe  
  51  4:38  Adept  
  51  4:42  Phoenix  
  51  4:43  Probe  
  53  4:48  Probe  
  54  4:55  Probe  
  55  5:00  Probe  
  55  5:05  Nexus  
  56  5:07  Probe  
  56  5:08  Robotics Bay  
  56  5:12  Probe  
  58  5:15  Pylon  
  58  5:17  Observer (Chrono Boost)  
  58  5:20  Probe  
  60  5:21  Pylon  
  60  5:24  Probe  
  61  5:30  Forge  
  61  5:33  Pylon, Probe  
  62  5:37  Probe  
  63  5:45  Probe, Immortal (Chrono Boost)  
  63  5:46  Sentry  
  70  5:55  Probe  
  71  5:57  Probe  
  71  6:00  Gateway  
  71  6:02  Gateway  
  71  6:03  Protoss Ground Weapons Level 1 (Chrono Boost)  
  72  6:11  Probe, Sentry  
  74  6:14  Disruptor (Chrono Boost)  
  73  6:19  Probe  
  73  6:21  Probe  
  75  6:28  Probe  
  75  6:31  Probe  
  77  6:37  Disruptor (Chrono Boost), Probe  
  77  6:38  Twilight Council  
  81  6:40  Pylon  
  81  6:47  Probe  
  81  6:49  Photon Cannon  
  81  6:51  Pylon  
  82  6:56  Stalker x2  
  86  7:05  Disruptor (Chrono Boost)  
  85  7:10  Stalker x2  
  85  7:11  Stalker  
  85  7:12  Probe  
  85  7:14  Photon Cannon  
  89  7:20  Probe x2  
  91  7:24  Probe  
  92  7:31  Disruptor (Chrono Boost)  
  92  7:32  Probe x2  
  92  7:34  Blink (Chrono Boost)  
  97  7:39  Stalker  
  97  7:40  Probe  
  100  7:44  Pylon  
  100  7:47  Gateway  
  100  7:48  Gateway  
  101  7:51  Probe  
  101  7:56  Disruptor (Chrono Boost), Probe  
  103  7:58  Probe  
  103  8:01  Stalker  
  103  8:02  Stalker  
  110  8:06  Probe  
  110  8:11  Probe, Gateway  
  110  8:12  Probe, Protoss Ground Armor Level 1 (Chrono Boost)  
  113  8:15  Shield Battery  
  113  8:19  Probe  
  114  8:24  Colossus (Chrono Boost)  
  114  8:26  Probe  
  113  8:33  Probe  
  116  8:36  Stalker x2  
  116  8:40  Assimilator  
  118  8:41  Photon Cannon, Assimilator  
  118  8:47  Probe  
  119  8:54  Probe  
  117  8:56  Probe  
  117  8:59  Stalker x3, Probe  
  124  9:03  Pylon  
  124  9:04  Pylon  
  124  9:12  Pylon  
  124  9:15  Nexus  
  123  9:18  Stalker  
  123  9:22  Charge (Chrono Boost), Stalker  
  126  9:26  Warp Prism (Chrono Boost)  
  127  9:31  Probe  
  127  9:34  Probe x2  
  130  9:43  Templar Archives  
  130  9:44  Probe  
  131  9:46  Probe  
  131  9:50  Probe  
  133  9:56  Probe  
  132  10:03  Probe x2  
  134  10:11  Fleet Beacon  
  134  10:13  Stargate  
  134  10:14  Protoss Ground Weapons Level 2 (Chrono Boost)  
  134  10:17  Immortal (Chrono Boost)  
  116  10:41  Void Ray (Chrono Boost)  
  98  10:46  Immortal (Chrono Boost)  
  106  10:55  Stalker x2  
  106  10:56  Stalker x3  
  116  10:58  Stalker x2  
  116  11:02  Tempest (Chrono Boost)  
  117  11:06  Probe  
  117  11:07  Probe  
  117  11:08  Probe  
  117  11:11  Probe  
  116  11:18  Probe  
  116  11:24  Void Ray (Chrono Boost)  
  113  11:26  Photon Cannon  
  113  11:31  Observer (Chrono Boost)  
  110  11:38  Tempest (Chrono Boost)  
  110  11:42  Probe  
  110  11:44  Colossus (Chrono Boost), Probe  
  110  11:46  Probe, Photon Cannon  
  124  12:03  Pylon  
  124  12:04  Gateway  
  124  12:07  Stalker x4  
  137  12:09  Protoss Air Weapons Level 1 (Chrono Boost), Tempest (Chrono Boost)  
  137  12:10  Zealot  
  137  12:13  Void Ray (Chrono Boost)  
  143  12:28  Stalker x3  
  140  12:44  Tempest (Chrono Boost)  
  140  12:49  Probe x2  
  139  12:53  Shield Battery  
  139  12:56  Pylon, Assimilator, Tempest (Chrono Boost)  
  139  12:57  Pylon  
  139  13:00  Assimilator  
  139  13:01  Probe  
  139  13:02  Probe  
  139  13:04  Probe  
  147  13:08  Protoss Ground Weapons Level 3 (Chrono Boost), Photon Cannon  
  147  13:09  Pylon  
  147  13:16  Probe x2  
  147  13:18  Probe  
  150  13:21  Zealot  
  150  13:25  Oracle  
  155  13:30  Probe  
  155  13:31  Probe  
  155  13:33  Probe  
  156  13:46  High Templar x2  
  156  13:47  Stalker x2  
  164  13:49  Pylon  
  164  13:50  Archon  
  164  13:52  Protoss Air Armor Level 1 (Chrono Boost)  
  164  13:56  Nexus  
  164  13:58  Tempest (Chrono Boost)  
  169  14:08  Pylon  
  169  14:09  Tempest (Chrono Boost)  
  167  14:50  Stalker x4  
  167  14:51  Stalker x3  
  166  14:54  Stargate x2  
  166  14:58  Probe x3  
  167  15:07  Pylon  
  167  15:19  Stalker x3  
  167  15:20  High Templar x4  
  167  15:21  High Templar  
  144  15:30  Void Ray (Chrono Boost)  
  144  15:32  Archon  
  144  15:33  High Templar, Archon  
  146  15:39  Void Ray (Chrono Boost)  
  154  15:49  Archon  
  154  15:52  Stalker x3  
  154  15:55  Stalker  
  162  16:04  Stalker x3  
  162  16:07  Nexus  
  162  16:09  Stalker  
  162  16:10  Pylon  
  170  16:12  Stalker  
  170  16:14  Observer (Chrono Boost)  
  170  16:17  Observer  
  173  16:28  Stalker x4  
  173  16:30  Stalker  
  167  16:50  Stalker x4  
  104  17:09  Stalker x5  
Show
View Real Time Build Order
Export as new Build Order

riddle Terran - Winner!

Build Orders: Mech 

Get SALT Encoding   

  12  0:00  SCV  
  13  0:13  SCV  
  14  0:17  Supply Depot  
  14  0:25  SCV  
  15  0:38  SCV  
  15  0:40  Barracks  
  16  0:50  SCV  
  16  0:52  Refinery  
  17  1:02  SCV  
  18  1:14  SCV  
  19  1:27  Orbital Command, Marine  
  20  1:38  Command Center  
  20  1:46  Barracks Reactor  
  20  1:50  Supply Depot  
  20  1:55  SCV  
  21  2:07  SCV  
  22  2:15  Factory  
  22  2:19  SCV, Refinery  
  22  2:22  Marine  
  24  2:23  Marine  
  25  2:31  SCV  
  26  2:40  Marine  
  26  2:41  Marine  
  26  2:43  SCV  
  29  2:55  SCV  
  30  2:59  Orbital Command  
  30  3:03  Starport  
  30  3:07  SCV, Widow Mine  
  30  3:08  Barracks Tech Lab  
  30  3:10  Widow Mine  
  35  3:19  SCV  
  36  3:25  SCV  
  37  3:28  Widow Mine  
  37  3:31  Widow Mine  
  37  3:32  SCV, Marine  
  43  3:35  Supply Depot  
  43  3:37  SCV  
  44  3:42  Viking  
  46  3:51  Supply Depot  
  46  3:57  SCV x2  
  48  4:07  Command Center  
  48  4:09  SCV x2  
  50  4:14  Siege Tank  
  53  4:18  Medivac  
  53  4:21  SCV x2  
  57  4:24  Supply Depot  
  57  4:27  Bunker  
  57  4:32  Supply Depot  
  57  4:33  SCV, Marine x2  
  60  4:39  SCV  
  60  4:41  Supply Depot  
  61  4:45  SCV  
  61  4:48  Siege Tank  
  61  4:52  SCV  
  66  4:53  Refinery  
  66  4:56  Refinery  
  66  4:58  SCV  
  67  5:04  SCV, Marine x2  
  70  5:10  SCV, Starport Tech Lab  
  70  5:16  SCV  
  70  5:18  Orbital Command  
  70  5:20  Siege Tank  
  74  5:22  SCV  
  74  5:23  Marine x2  
  74  5:28  SCV  
  78  5:29  Banshee, Cloaking Field  
  81  5:36  Supply Depot  
  81  5:37  SCV  
  81  5:41  Marine x2  
  84  5:47  Factory  
  84  5:49  SCV x3  
  87  5:50  Factory  
  90  5:57  Siege Tank  
  90  6:01  SCV x3  
  93  6:05  Engineering Bay  
  93  6:13  SCV x2  
  93  6:17  Orbital Command  
  96  6:22  Banshee  
  98  6:30  SCV  
  98  6:32  Supply Depot, Siege Tank  
  102  6:33  Supply Depot  
  102  6:37  SCV  
  103  6:41  Factory Tech Lab  
  103  6:42  SCV  
  103  6:45  SCV  
  103  6:49  SCV  
  103  6:52  Hellion x2  
  108  6:54  SCV  
  108  6:57  SCV  
  108  7:01  SCV  
  111  7:03  Refinery  
  111  7:04  Refinery  
  111  7:06  SCV  
  111  7:07  Banshee, Siege Tank x2  
  121  7:09  SCV, Supply Depot  
  121  7:10  Supply Depot  
  121  7:13  SCV, Hellion  
  125  7:20  Command Center  
  125  7:23  Hyperflight Rotors  
  125  7:27  Missile Turret x2  
  125  7:30  Missile Turret  
  125  7:31  SCV  
  125  7:33  Supply Depot  
  125  7:34  Missile Turret  
  126  7:40  Siege Tank  
  126  7:41  Siege Tank, Hellion x2  
  136  7:48  Armory  
  136  7:55  Armory  
  133  8:01  Banshee  
  133  8:04  Starport  
  136  8:06  Starport  
  136  8:09  Supply Depot, Starport  
  136  8:10  Supply Depot  
  136  8:12  SCV x3  
  139  8:13  Supply Depot  
  139  8:19  Hellion x2  
  143  8:24  SCV x3  
  145  8:33  Refinery  
  141  8:34  Sensor Tower  
  141  8:35  Siege Tank x2, Refinery  
  141  8:36  SCV x3  
  141  8:40  Terran Ship Weapons Level 1  
  148  8:45  Terran Vehicle And Ship Armor Level 1  
  148  8:48  SCV x2, Starport Tech Lab x2, Hellion  
  152  8:51  Starport Tech Lab  
  149  8:56  Missile Turret  
  149  9:01  SCV x2  
  149  9:03  Fusion Core  
  149  9:08  Hellion x2  
  151  9:23  Siege Tank  
  153  9:27  Planetary Fortress  
  143  9:31  SCV x3  
  143  9:32  Hellion  
  143  9:33  Hellion x2  
  143  9:36  Supply Depot  
  143  9:38  Supply Depot  
  152  9:43  SCV x2  
  152  9:44  SCV  
  155  9:49  Battlecruiser  
  155  9:50  Battlecruiser  
  155  9:51  Weapon Refit  
  166  9:54  Hellion x3  
  169  10:05  Siege Tank  
  172  10:07  Command Center  
  172  10:10  Battlecruiser  
  177  10:25  Siege Tank  
  177  10:26  Hellion x2  
  152  10:37  Hellion  
  151  10:45  Battlecruiser  
  151  10:47  Hellion x2  
  161  10:50  Command Center  
  161  10:52  Command Center  
  160  10:57  Siege Tank  
  160  10:58  Siege Tank  
  160  11:00  Missile Turret  
  160  11:02  Missile Turret  
  166  11:06  Battlecruiser  
  166  11:09  Hellion x2  
  173  11:20  Orbital Command  
  173  11:26  Battlecruiser  
  173  11:30  Siege Tank  
  180  11:36  Siege Tank  
  180  11:37  Terran Ship Weapons Level 2, Hellion x2  
  187  11:41  Terran Vehicle And Ship Armor Level 2  
  187  11:50  Command Center  
  187  11:52  Command Center  
  186  12:01  Battlecruiser  
  192  12:02  Siege Tank  
  192  12:04  Supply Depot  
  195  12:14  Missile Turret, Refinery  
  195  12:15  Missile Turret  
  195  12:16  Missile Turret  
  195  12:17  Refinery  
  190  12:23  Battlecruiser  
  194  12:49  Thor  
  194  12:51  Orbital Command  
  194  12:52  Planetary Fortress  
  194  12:58  Sensor Tower  
  194  13:07  Orbital Command  
  194  13:09  Orbital Command  
  194  13:19  Battlecruiser  
  200  13:20  Missile Turret, Orbital Command  
  200  13:23  Missile Turret  
  200  13:24  Starport x2  
  199  13:38  Missile Turret  
  199  13:41  Hi-Sec Auto Tracking  
  199  14:02  Command Center  
  197  14:04  Command Center  
  197  14:07  Command Center  
  197  14:21  Starport Reactor x2  
  196  14:38  Neosteel Armor  
  196  14:51  Battlecruiser  
  196  14:52  Battlecruiser  
  200  15:07  Missile Turret  
  200  15:08  Sensor Tower  
  165  15:22  Viking x3, Battlecruiser x2  
  165  15:23  Viking  
  170  15:28  Orbital Command  
  170  15:33  Siege Tank x2  
  170  15:34  Widow Mine x2  
  170  15:35  Drilling Claws  
  180  15:51  Missile Turret  
  180  15:52  Missile Turret, Viking x2  
  180  15:54  Refinery  
  180  15:55  Battlecruiser  
  180  15:56  Command Center  
  194  15:57  Widow Mine x2  
  194  16:11  Missile Turret, Refinery  
  194  16:13  Battlecruiser  
  200  16:24  Barracks x2  
  194  16:53  Viking x3  
  194  16:54  Viking  
  190  16:55  Siege Tank x2, Hellion x2  
  190  16:59  Viking  
  191  17:10  Barracks  
  191  17:11  Planetary Fortress  
  185  17:17  Viking  
Tags
 
Add a new tag
Caveats
  • Supply blocks, unpowered buildings, or Contaminate may cause inaccurate times.
  • Supply counts are checked every 10 seconds.